 Dungeon Crawl Stone Soup version 0.28-a0-69-g49dcd67cf8 (webtiles) character file.

Game seed: 16205762960289343322

25 emm the Ducker (level 2, -1/22 HPs)
             Began as a Demonspawn Gladiator on July 31, 2021.
             Succumbed to an adder's poison
             ... on level 2 of the Dungeon.
             The game lasted 00:03:17 (608 turns).

emm the Ducker (Demonspawn Gladiator)                Turns: 608, Time: 00:03:18

Health: -1/22      AC:  4    Str: 13 (14) XL:     2   Next: 82%
Magic:  2/2        EV: 12    Int:  7 (9)  God:
Gold:   4          SH:  0    Dex: 11 (14) Spells: 1/1 levels left

rFire   . . .      SeeInvis .   a - +0 war axe
rCold   . . .      Faith    .   (no shield)
rNeg    . . .      Spirit   .   b - +0 leather armour
rPois   .          Reflect  .   c - +0 helmet
rElec   .          Harm     .   (no cloak)
rCorr   .          Rampage  .   (no gloves)
Will    .....                   (no boots)
Stlth   +.........              (no amulet)
HPRegen 0.07/turn               (no ring)
MPRegen 0.08/turn               (no ring)

@: brilliant, lethally poisoned (-1 -> -10), flying
A: powered by death 1
a: no special abilities


You were on level 2 of the Dungeon.
You visited 1 branch of the dungeon, and saw 2 of its levels.

You collected 4 gold pieces.

Inventory:

Hand Weapons
 a - a +0 war axe (weapon)
Missiles
 d - 3 throwing nets (quivered)
Armour
 b - a +0 leather armour (worn)
 c - a +0 helmet (worn)


   Skills:
 + Level 2.2 Fighting
 + Level 3.1 Axes
 + Level 1.8 Throwing
 + Level 0.3 Armour
 + Level 3.1 Dodging


You had one spell level left.
You didn't know any spells.
Your spell library was empty.

Dungeon Overview and Level Annotations

Branches:
Dungeon (1/15)

Altars:


Innate Abilities, Weirdness & Mutations

You regenerate a little health from kills.


Message History

The adder is severely wounded.
You feel sick. The adder closely misses you. The adder bites you.
You are more poisoned.
The adder poisons you!
Unknown command.
Unknown command.
You miss the adder.
The adder is severely wounded.
You feel very sick. The adder bites you but does no damage.
The adder barely misses you.
You miss the adder.
The adder is severely wounded.
* * * LOW HITPOINT WARNING * * *
You feel sick. The adder completely misses you.
It was a potion of flight.
You feel very buoyant.
You fly up into the air.
* * * LOW HITPOINT WARNING * * *
You feel sick. The adder bites you but does no damage.
The adder closely misses you.
Unknown command.
It was a potion of brilliance.
You feel clever all of a sudden.
* * * LOW HITPOINT WARNING * * *
You feel sick. The adder closely misses you.
It was a potion of degeneration.
There was something very wrong with that liquid.
You feel weakened.
You feel dopey.
You feel clumsy.
* * * LOW HITPOINT WARNING * * *
You feel sick. The adder bites you but does no damage.
You miss the adder.
The adder is severely wounded.
* * * LOW HITPOINT WARNING * * *
You feel sick. The adder barely misses you. The adder bites you.
* * * LOW HITPOINT WARNING * * *
You are more poisoned.
The adder poisons you!
You closely miss the adder.
The adder is severely wounded.
You die...

#.# # #.# ###.#?# $..#.##
.... #.##############
#####........[...†..
######...S##############.
........@†.............#.
######....############...
#....# #... #....# #...
#....# #.#. #....# #.#.
.....# #.#. ......# #.#.
.......# #.#.


You could see an adder.

Vanquished Creatures
  2 dart slugs (D:2)
  An orc (D:2)
  A bat (D:2)
  2 endoplasms (D:1)
  2 goblins (D:1)
  5 hobgoblins
  A kobold (D:1)
  A quokka (D:2)
  A rat (D:2)
16 creatures vanquished.

Notes
Turn   | Place    | Note
-------+----------+-------------------------------------------
     0 | D:1      | emm the Demonspawn Gladiator began the quest for the Orb.
     0 | D:1      | Reached XP level 1. HP: 16/16 MP: 1/1
     4 | D:1      | Noticed an elephant
     7 | D:1      | Noticed an elephant
    35 | D:1      | Gained mutation: You regenerate a little health from kills.
                  | [demonic ancestry]
    35 | D:1      | Reached XP level 2. HP: 6/22 MP: 2/2
   399 | D:1      | You fall into a shaft and drop 1 floor!
   607 | D:2      | HP: 1/22 [adder (1)]
   608 | D:2      | Succumbed to an adder's poison

Illustrated notes

Levels and vault maps discovered:
D:1:      sevenhm_arrival_forest_fort_small_2, layout_basic, st_stairs_11,
          chequers_serial_rivers_micro_c
D:2:      layout_basic

Skill      XL: |  1  2 |
---------------+-------+-----
Dodging        | 3 |  3.1
Axes           | 3 |  3.1
Fighting       | |  2.2
Throwing       | |  1.8
Armour         | |  0.3

Action                   || total
-------------------------++-------
Melee: War axe           ||    57
  Use: Potion            ||     3
 Stab: Distracted        ||     1
Armor: Leather armour    ||    30
Dodge: Dodged            ||    56

Table legend: (Time is in decaauts)
 A = Elapsed time spent in this place.
 B = Non-inter-level travel time spent in this place.
 C = Inter-level travel time spent in this place.
 D = Time resting spent in this place.
 E = Time spent auto-exploring this place.
 F = Levels seen in this place.
 G = Mean time per level.
                   A        B        C        D        E       F      G
               +--------+--------+--------+--------+--------+-----+--------+
         Total |    627 |    626 |      1 |    216 |    269 |   2 |  313.5 |
       Dungeon |    627 |    626 |      1 |    216 |    269 |   2 |  313.5 |
               +--------+--------+--------+--------+--------+-----+--------+

Top non-repeatable levels by time:
     D:1: 405 daAuts
     D:2: 222 daAuts
